Map: 이어 제로 - 래더

Players

Leenock - Winner!

  • Race: Zerg Zerg
  • Spawn Location: 11:00

Trap

  • Race: Protoss Protoss
  • Spawn Location: 1:00

Event: IEM Season 13: Katowice (2019)

VOD

Have the link to the VOD?

Description

Time

  • Played on: Feb. 28, 2019, 12:54 p.m.
  • Length: 4:59

All games in this series

Show
View Real Time Build Order
Export as new Build Order

Leenock Zerg - Winner!

Build Orders: Hatch First 

Get SALT Encoding   

  12  0:00  Drone  
  13  0:12  Overlord  
  13  0:17  Drone  
  14  0:31  Drone x2  
  16  0:36  Drone  
  17  0:52  Hatchery  
  17  0:56  Drone  
  17  0:58  Drone  
  18  1:06  Extractor  
  17  1:14  Spawning Pool  
  17  1:17  Drone  
  17  1:20  Drone  
  18  1:29  Drone  
  19  1:39  Drone  
  20  1:51  Hatchery  
  20  1:53  Drone  
  20  2:01  Drone  
  20  2:04  Drone  
  20  2:07  Metabolic Boost  
  22  2:16  Queen  
  22  2:22  Overlord  
  24  2:26  Drone  
  24  2:27  Drone  
  26  2:30  Zergling x2  
  26  2:33  Zergling x2  
  28  2:41  Zergling x2  
  28  2:43  Zergling x2  
  30  2:47  Zergling x2  
  31  3:01  Lair  
  31  3:04  Queen  
  33  3:07  Zergling x4  
  33  3:10  Zergling x2  
  33  3:11  Zergling x4  
  38  3:16  Queen  
  40  3:22  Zergling x4  
  42  3:29  Overlord  
  42  3:41  Overlord  
  40  3:51  Zergling x12  
  40  3:53  Zergling x2  
  45  4:00  Nydus Network  
  44  4:04  Zergling x2  
  44  4:07  Zergling x4  
  44  4:08  Zergling x2  
  46  4:13  Zergling x4  
  46  4:16  Zergling x2  
  48  4:23  Zergling x2  
  47  4:30  Zergling x2  
  48  4:32  Zergling x2  
  48  4:33  Zergling x2  
  48  4:36  Nydus Canal  
  48  4:37  Zergling x4  
  48  4:38  Zergling x2  
  51  4:40  Zergling x2  
Show
View Real Time Build Order
Export as new Build Order

Trap Protoss 

Build Orders: 1 Gate Expand, Oracle Opening 

Get SALT Encoding   

  12  0:00  Probe  
  13  0:12  Probe  
  14  0:19  Pylon  
  14  0:24  Probe  
  15  0:33  Probe  
  15  0:41  Probe  
  16  0:45  Gateway  
  17  0:50  Assimilator  
  17  0:51  Probe  
  18  1:04  Probe  
  19  1:16  Probe  
  20  1:31  Nexus  
  20  1:35  Cybernetics Core  
  20  1:38  Probe  
  21  1:44  Assimilator  
  21  1:50  Probe  
  22  1:54  Pylon  
  22  2:02  Adept, Probe  
  23  2:14  Probe  
  26  2:18  Stargate  
  26  2:25  Warp Gate  
  26  2:26  Probe  
  27  2:34  Stalker  
  27  2:36  Probe  
  29  2:39  Probe  
  31  2:44  Probe  
  31  2:47  Probe  
  32  2:52  Oracle  
  32  2:53  Probe  
  32  2:57  Probe  
  34  3:05  Probe  
  39  3:09  Probe  
  39  3:12  Assimilator  
  40  3:15  Assimilator  
  40  3:17  Probe  
  41  3:21  Probe  
  41  3:25  Gateway  
  42  3:29  Oracle  
  44  3:38  Pylon, Probe  
  44  3:39  Probe  
  46  3:46  Shield Battery  
  46  3:52  Probe x2, Shield Battery  
  46  3:58  Robotics Facility  
  46  3:59  Oracle  
  46  4:08  Pylon  
  47  4:13  Sentry  
  49  4:24  Sentry  
  51  4:27  Probe x2  
  53  4:39  Probe x2  
  53  4:43  Twilight Council  
  53  4:46  Stalker  
  53  4:52  Zealot, Pylon  

Tags
 
Add a new tag
Caveats
  • Supply blocks, unpowered buildings, or Contaminate may cause inaccurate times.
  • Supply counts are checked every 10 seconds.